Map: Terrasses de Prion

Players

Worming

  • Race: Zerg Zerg
  • League: Diamond

Javilla

  • Race: Zerg Zerg

Gommedor

  • Race: Zerg Zerg

Kharick

  • Race: Zerg Zerg

VOD

Have the link to the VOD?

Description

Time

  • Played on: Nov. 17, 2015, 11:11 a.m.
  • Length: 4:40
Show
View Real Time Build Order
Export as new Build Order

Worming Zerg 

Build Orders: Hatch First 

Get SALT Encoding   

  12  0:01  Drone  
  13  0:11  Drone  
  14  0:17  Overlord  
  14  0:23  Drone, Extractor  
  15  0:37  Drone x2  
  17  0:55  Drone, Hatchery  
  17  0:59  Extractor  
  17  1:02  Drone  
  17  1:15  Spawning Pool  
  16  1:19  Drone  
  16  1:23  Drone  
  18  1:29  Drone  
  19  1:39  Drone  
  20  1:48  Overlord  
  20  2:01  Metabolic Boost  
  20  2:03  Queen  
  20  2:06  Queen  
  24  2:10  Drone  
  26  2:15  Drone  
  26  2:17  Drone  
  26  2:20  Zergling x2  
  28  2:26  Spine Crawler  
  28  2:28  Zergling x2  
  28  2:32  Zergling x2  
  29  2:40  Baneling Nest  
  28  2:46  Queen  
  30  3:07  Overlord  
  30  3:08  Zergling x2  
  30  3:09  Zergling x8  
  30  3:12  Zergling x2  
  36  3:16  Overlord  
  36  3:20  Overlord  
  36  3:25  Baneling x2  
  36  3:26  Zergling x2  
  37  3:31  Zergling x2  
  38  3:51  Drone x8  
  44  4:14  Drone x6  
  48  4:20  Drone x3  
  50  4:31  Extractor  
  45  4:33  Roach Warren  
Show
View Real Time Build Order
Export as new Build Order

Javilla Zerg 

Build Orders: Pool First 

Get SALT Encoding   

  12  0:05  Drone  
  13  0:09  Drone  
  14  0:25  Overlord  
  14  0:38  Spawning Pool  
  13  0:44  Drone  
  14  1:18  Drone x3  
  17  1:31  Extractor  
  16  1:38  Drone  
  17  1:48  Zergling x2  
  17  1:49  Hatchery  
  17  1:51  Zergling x2  
  18  2:02  Drone  
  19  2:17  Zergling x2  
  20  2:26  Drone  
  21  2:34  Drone  
  22  2:59  Overlord x2  
  22  3:06  Zergling x2  
  23  3:22  Zergling x2  
  23  3:25  Drone x3  
  27  3:34  Extractor  
  26  3:41  Zergling x2  
  26  3:43  Zergling x4  
  29  3:50  Zergling x2  
  29  3:51  Zergling x2  
  31  3:57  Zergling x2  
  31  4:01  Zergling x2  
  33  4:10  Zergling x2  
  32  4:19  Zergling x2  
Show
View Real Time Build Order
Export as new Build Order

Gommedor Zerg 

Build Orders:  

Get SALT Encoding   

Show
View Real Time Build Order
Export as new Build Order

Kharick Zerg 

Build Orders:  

Get SALT Encoding   

Tags
 
Add a new tag
Caveats
  • Supply blocks, unpowered buildings, or Contaminate may cause inaccurate times.
  • Supply counts are checked every 10 seconds.